NCAA
MINNESOTA GOLDEN GOPHERS @ TENNESSEE VOLUNTEERS
04/08/2026
 
TOP OF THE 1ST
Minnesota Golden Gophers batting - Pitching for Tennessee Volunteers : RHP Zach Black
Pitching: RHP Zach Black
Batting: SHB Sean Brown 0-0: Ball
1-0: Ground out U3 (Groundball, 3)
Batting: RHB Julián Ramírez 0-0: Ball
1-0: Fly out, F4 (Popup, 4)
Batting: LHB Ralph Cobb 0-0: Ball
1-0: Ground out 3-1 (Groundball, 34)
Top of the 1st over - 0 run(s), 0 hit(s), 0 error(s), 0 left on base; Minnesota 0 - Tennessee 0
BOTTOM OF THE 1ST
Tennessee Volunteers batting - Pitching for Minnesota Golden Gophers : RHP Aaron Moss
Pitching: RHP Aaron Moss
Batting: RHB John Jones 0-0: Called Strike
0-1: Swinging Strike
0-2: Fly out, F8 (Flyball, 8RM)
Batting: RHB Mike Alexander 0-0: Called Strike
0-1: Called Strike
0-2: Ball
1-2: Fly out, F8 (Flyball, 8LM)
Batting: RHB Travis Colbert 0-0: Ball
1-0: Called Strike
1-1: Swinging Strike
1-2: Strikes out swinging
Bottom of the 1st over - 0 run(s), 0 hit(s), 0 error(s), 0 left on base; Minnesota 0 - Tennessee 0
TOP OF THE 2ND
Minnesota Golden Gophers batting - Pitching for Tennessee Volunteers : RHP Zach Black
Batting: RHB Ronald Smith 0-0: Called Strike
0-1: Ball
1-1: Foul Ball, location: 2F
1-2: Foul Ball, location: 2F
1-2: Ball
2-2: Ball
3-2: Foul Ball, location: 2F
3-2: Base on Balls
Batting: RHB Tim Glendonwyn 0-0: Ball
1-0: Ball
2-0: DOUBLE (Line Drive, 9LS)
Ronald Smith to third
Batting: RHB Christian Nash 0-0: Called Strike
0-1: Ball
1-1: Called Strike
1-2: Ball
2-2: Fly out, F9 (Flyball, 9M)
Runner from 3rd tags up, SCORES, throw made
Batting: RHB Miguel Rodríguez 0-0: Ball
1-0: Ball
2-0: Foul Ball, location: 2F
2-1: Ball
3-1: Base on Balls
Batting: RHB William Elliott 0-0: Called Strike
0-1: SINGLE (Groundball, 56)
Tim Glendonwyn to third
Miguel Rodríguez to second
Runner from 3rd tries for Home, SAFE, throw made home
Miguel Rodríguez to third
William Elliott to second
Batting: LHB Tony Ayala 0-0: Ground out 4-3 (Groundball, 4)
Miguel Rodríguez scores
William Elliott to third
Batting: SHB Sean Brown 0-0: Ball
Wild Pitch!
William Elliott scores
1-0: Foul Ball, location: 2F
1-1: Ground out 3-1 (Groundball, 34S)
Top of the 2nd over - 4 run(s), 2 hit(s), 0 error(s), 0 left on base; Minnesota 4 - Tennessee 0
BOTTOM OF THE 2ND
Tennessee Volunteers batting - Pitching for Minnesota Golden Gophers : RHP Aaron Moss
Batting: RHB Tanner Albert 0-0: Called Strike
0-1: Ball
1-1: Foul Ball, location: 2F
1-2: Hit by Pitch
Batting: LHB Bernardo Morales 0-0: Ball
1-0: Swinging Strike
1-1: Ball
2-1: Grounds into double play, 4-6-3 (Groundball, 4)
Batting: RHB Kevin Manning 0-0: Ground out 6-3 (Groundball, 6)
Bottom of the 2nd over - 0 run(s), 0 hit(s), 0 error(s), 0 left on base; Minnesota 4 - Tennessee 0
TOP OF THE 3RD
Minnesota Golden Gophers batting - Pitching for Tennessee Volunteers : RHP Zach Black
Batting: RHB Julián Ramírez 0-0: Ball
1-0: Ball
2-0: Foul Ball, location: 2F
2-1: Ground out 6-3 (Groundball, 6)
Batting: LHB Ralph Cobb 0-0: Ball
1-0: Fly out, F4 (Popup, 4)
Batting: RHB Ronald Smith 0-0: Ball
1-0: Ball
2-0: Foul Ball, location: 2F
2-1: Ball
3-1: Base on Balls
Batting: RHB Tim Glendonwyn 0-0: Ball
1-0: Called Strike
1-1: Ground out 6-3 (Groundball, 6)
Top of the 3rd over - 0 run(s), 0 hit(s), 0 error(s), 1 left on base; Minnesota 4 - Tennessee 0
BOTTOM OF THE 3RD
Tennessee Volunteers batting - Pitching for Minnesota Golden Gophers : RHP Aaron Moss
Batting: RHB José Rosales 0-0: Called Strike
0-1: Swinging Strike
0-2: Fly out, F2 (Popup, 2R)
Batting: RHB Dave Johnston 0-0: Ball
1-0: Ground out 5-3 (Groundball, 56S)
Batting: LHB Vernon Hill 0-0: Ball
1-0: Ball
2-0: Ball
3-0: Called Strike
3-1: Foul Ball, location: 2F
3-2: Foul Ball, location: 2F
3-2: Foul Ball, location: 2F
3-2: Base on Balls
Batting: RHB John Jones 0-0: Foul Ball, location: 2F
0-1: Ball
1-1: Ball
2-1: SINGLE (Groundball, 56D)
Vernon Hill to second
Batting: RHB Mike Alexander 0-0: SINGLE (Groundball, 15) (infield hit)
Vernon Hill to third
John Jones to second
Batting: RHB Travis Colbert 0-0: Ball
1-0: Called Strike
1-1: Ball
2-1: DOUBLE (Line Drive, 8RM)
Vernon Hill scores
John Jones scores
Mike Alexander to third
Runner from 3rd tries for Home, SAFE, no throw or cutoff
Batting: RHB Tanner Albert 0-0: Ball
Wild Pitch!
Travis Colbert to third
1-0: Ball
2-0: Ball
3-0: Base on Balls
Batting: LHB Bernardo Morales 0-0: Called Strike
0-1: Called Strike
0-2: Ball
1-2: Ball
2-2: Fly out, F9 (Flyball, 9M)
Bottom of the 3rd over - 3 run(s), 3 hit(s), 0 error(s), 2 left on base; Minnesota 4 - Tennessee 3
TOP OF THE 4TH
Minnesota Golden Gophers batting - Pitching for Tennessee Volunteers : RHP Zach Black
Batting: RHB Christian Nash 0-0: Called Strike
0-1: Foul Ball, location: 2F
0-2: Fly out, F4 (Popup, 6MD)
Batting: RHB Miguel Rodríguez 0-0: Called Strike
0-1: SINGLE (Groundball, 6M)
Batting: RHB William Elliott 0-0: Ball
1-0: Fly out, F8 (Flyball, 8RM)
Batting: LHB Tony Ayala 0-0: Ball
1-0: Called Strike
1-1: Fly out, F5 (Popup, 56)
Top of the 4th over - 0 run(s), 1 hit(s), 0 error(s), 1 left on base; Minnesota 4 - Tennessee 3
BOTTOM OF THE 4TH
Tennessee Volunteers batting - Pitching for Minnesota Golden Gophers : RHP Aaron Moss
Batting: RHB Kevin Manning 0-0: Called Strike
0-1: Called Strike
0-2: Ball
1-2: Ball
2-2: Strikes out swinging
Batting: RHB José Rosales 0-0: Called Strike
0-1: Foul Ball, location: 2F
0-2: Foul Ball, location: 2F
0-2: Strikes out looking
Batting: RHB Dave Johnston 0-0: Swinging Strike
0-1: Ball
1-1: Fly out, F1 (Popup, 13)
Bottom of the 4th over - 0 run(s), 0 hit(s), 0 error(s), 0 left on base; Minnesota 4 - Tennessee 3
TOP OF THE 5TH
Minnesota Golden Gophers batting - Pitching for Tennessee Volunteers : RHP Zach Black
Batting: SHB Sean Brown 0-0: Ball
1-0: Foul Ball, location: 2F
1-1: Called Strike
1-2: Strikes out swinging
Batting: RHB Julián Ramírez 0-0: Ball
1-0: Ground out 4-3 (Groundball, 13)
Batting: LHB Ralph Cobb 0-0: Ball
1-0: DOUBLE (Line Drive, 3D)
Batting: RHB Ronald Smith 0-0: 2-RUN HOME RUN (Flyball, 7LD), Distance : 316 ft
Batting: RHB Tim Glendonwyn 0-0: Ball
1-0: Called Strike
1-1: Ball
2-1: Ball
3-1: Foul Ball, location: 2F
3-2: Ground out 6-3 (Groundball, 6M)
Top of the 5th over - 2 run(s), 2 hit(s), 0 error(s), 0 left on base; Minnesota 6 - Tennessee 3
BOTTOM OF THE 5TH
Tennessee Volunteers batting - Pitching for Minnesota Golden Gophers : RHP Aaron Moss
Batting: LHB Vernon Hill 0-0: Fly out, F8 (Flyball, 8RM)
Batting: RHB John Jones 0-0: Ball
1-0: Ball
2-0: Ball
3-0: Base on Balls
Batting: RHB Mike Alexander 0-0: Called Strike
0-1: Ball
1-1: Ball
2-1: Ball
3-1: Grounds into double play, U6-3 (Groundball, 6M)
Bottom of the 5th over - 0 run(s), 0 hit(s), 0 error(s), 0 left on base; Minnesota 6 - Tennessee 3
TOP OF THE 6TH
Minnesota Golden Gophers batting - Pitching for Tennessee Volunteers : RHP Zach Black
Batting: RHB Christian Nash 0-0: Swinging Strike
0-1: Ball
1-1: Fly out, F9 (Flyball, 9LDF)
Batting: RHB Miguel Rodríguez 0-0: Ball
1-0: Called Strike
1-1: Foul Ball, location: 2F
1-2: Ball
2-2: Strikes out looking
Batting: RHB William Elliott 0-0: Ground out 5-3 (Groundball, 56)
Top of the 6th over - 0 run(s), 0 hit(s), 0 error(s), 0 left on base; Minnesota 6 - Tennessee 3
BOTTOM OF THE 6TH
Tennessee Volunteers batting - Pitching for Minnesota Golden Gophers : RHP Aaron Moss
Batting: RHB Travis Colbert 0-0: Called Strike
0-1: Ball
1-1: Fly out, F8 (Flyball, 8RM)
Batting: RHB Tanner Albert 0-0: Called Strike
0-1: Ball
1-1: Ball
2-1: Foul Ball, location: 2F
2-2: Foul Ball, location: 2F
2-2: Ball
3-2: Foul Ball, location: 2F
3-2: Base on Balls
Pitching: RHP Craig Mills
Batting: LHB Bernardo Morales 0-0: Ball
1-0: Foul Ball, location: 2F
1-1: Ball
2-1: Grounds into double play, 6-4-3 (Groundball, 6)
Bottom of the 6th over - 0 run(s), 0 hit(s), 0 error(s), 0 left on base; Minnesota 6 - Tennessee 3
TOP OF THE 7TH
Minnesota Golden Gophers batting - Pitching for Tennessee Volunteers : RHP Zach Black
Pitching: RHP Alfonso Silva
Batting: LHB Tony Ayala 0-0: Ball
1-0: Bunt for hit - play at first, batter OUT! 1-3
Batting: SHB Sean Brown 0-0: Swinging Strike
0-1: Swinging Strike
0-2: Ball
1-2: Ball
2-2: Ball
3-2: Base on Balls
Batting: RHB Julián Ramírez 0-0: Ball
1-0: Foul Ball, location: 2F
1-1: Ball
2-1: Ball
3-1: Called Strike
3-2: Foul Ball, location: 2F
3-2: Base on Balls
Sean Brown to second
Batting: LHB Ralph Cobb 0-0: Ball
1-0: Ball
2-0: Foul Ball, location: 2F
2-1: Foul Ball, location: 2F
2-2: Foul Ball, location: 2F
2-2: Ball
3-2: Base on Balls
Sean Brown to third
Julián Ramírez to second
Batting: RHB Ronald Smith 0-0: DOUBLE (Line Drive, 89D)
Sean Brown scores
Julián Ramírez scores
Ralph Cobb to third
Runner from 3rd tries for Home, throw and OUT!
Batting: RHB Tim Glendonwyn 0-0: Ball
1-0: SINGLE (Line Drive, 78M)
Ronald Smith to third
Runner from 3rd tries for Home, SAFE, no throw or cutoff
Batting: RHB Christian Nash 0-0: Ball
1-0: Ball
2-0: Called Strike
2-1: Ball
3-1: Base on Balls
Tim Glendonwyn to second
Batting: RHB Miguel Rodríguez 0-0: Ball
1-0: Called Strike
1-1: Foul Ball, location: 2F
1-2: Foul Ball, location: 2F
1-2: Foul Ball, location: 2F
1-2: Ball
2-2: Ball
3-2: Strikes out looking
Top of the 7th over - 3 run(s), 2 hit(s), 0 error(s), 2 left on base; Minnesota 9 - Tennessee 3
BOTTOM OF THE 7TH
Tennessee Volunteers batting - Pitching for Minnesota Golden Gophers : RHP Craig Mills
Now at C: Eric Hudson
Batting: RHB Kevin Manning 0-0: Foul Ball, location: 2F
0-1: Called Strike
0-2: Foul Ball, location: 2F
0-2: Strikes out swinging
Batting: RHB José Rosales 0-0: SINGLE (Line Drive, 4D)
Batting: RHB Dave Johnston 0-0: Ball
1-0: Ball
2-0: Foul Ball, location: 2F
2-1: Called Strike
2-2: Strikes out swinging
Pitching: RHP Geoffrey Rogers
Batting: LHB Vernon Hill 0-0: Ball
1-0: Fly out, F5 (Popup, 5SF)
Bottom of the 7th over - 0 run(s), 1 hit(s), 0 error(s), 1 left on base; Minnesota 9 - Tennessee 3
TOP OF THE 8TH
Minnesota Golden Gophers batting - Pitching for Tennessee Volunteers : RHP Alfonso Silva
Batting: RHB William Elliott 0-0: Ball
1-0: Ball
2-0: Swinging Strike
2-1: Ball
3-1: Foul Ball, location: 2F
3-2: Base on Balls
Pitching: RHP Francisco Morales
Batting: LHB Tony Ayala 0-0: Sac Bunt - play at first, batter OUT! 6-3
William Elliott to second
Batting: SHB Sean Brown 0-0: Ball
1-0: Called Strike
1-1: Foul Ball, location: 2F
1-2: Ball
2-2: Ground out 4-3 (Groundball, 4)
William Elliott to third
Batting: RHB Julián Ramírez 0-0: Ball
1-0: Foul Ball, location: 2F
1-1: Ball
2-1: Called Strike
2-2: Ball
3-2: Base on Balls
Batting: LHB Ralph Cobb 0-0: Swinging Strike
0-1: SINGLE (Flyball, 78S)
William Elliott scores
Julián Ramírez to second
Batting: RHB Ronald Smith 0-0: Ball
1-0: DOUBLE (Flyball, 89XD)
Julián Ramírez scores
Ralph Cobb to third
Runner from 3rd tries for Home, SAFE, no throw or cutoff
Batting: RHB Tim Glendonwyn 0-0: Foul Ball, location: 2F
0-1: Ball
1-1: Ball
2-1: Ground out 1-3 (Groundball, 13S)
Top of the 8th over - 3 run(s), 2 hit(s), 0 error(s), 1 left on base; Minnesota 12 - Tennessee 3
BOTTOM OF THE 8TH
Tennessee Volunteers batting - Pitching for Minnesota Golden Gophers : RHP Geoffrey Rogers
Now in CF: Matt Pennington
Batting: RHB John Jones 0-0: Ball
1-0: Called Strike
1-1: Swinging Strike
1-2: Strikes out swinging
Pinch Hitting: LHB Joe Storms 0-0: Called Strike
0-1: Ball
1-1: Ball
2-1: Ball
3-1: Base on Balls
Batting: RHB Travis Colbert 0-0: Foul Ball, location: 2F
0-1: Called Strike
0-2: Strikes out swinging
Batting: RHB Tanner Albert 0-0: Ball
1-0: Called Strike
1-1: Called Strike
1-2: Ball
2-2: Foul Ball, location: 2F
2-2: Strikes out swinging
Bottom of the 8th over - 0 run(s), 0 hit(s), 0 error(s), 1 left on base; Minnesota 12 - Tennessee 3
TOP OF THE 9TH
Minnesota Golden Gophers batting - Pitching for Tennessee Volunteers : RHP Francisco Morales
Pitching: RHP Morgan Fox
Now in CF: Miguel Gómez
Batting: RHB Eric Hudson 0-0: Called Strike
0-1: Ground out 6-3 (Groundball, 6)
Batting: RHB Miguel Rodríguez 0-0: Called Strike
0-1: Called Strike
0-2: Foul Ball, location: 2F
0-2: Strikes out swinging
Batting: LHB Matt Pennington 0-0: Ball
1-0: Ball
2-0: Ball
3-0: Base on Balls
Batting: LHB Tony Ayala 0-0: Ball
1-0: Called Strike
Throwing error on steal attempt, E2
Matt Pennington to third
1-1: Ball
2-1: Ball
3-1: Base on Balls
Batting: SHB Sean Brown 0-0: Called Strike
0-1: Foul Ball, location: 2F
0-2: Strikes out swinging
Top of the 9th over - 0 run(s), 0 hit(s), 1 error(s), 2 left on base; Minnesota 12 - Tennessee 3
BOTTOM OF THE 9TH
Tennessee Volunteers batting - Pitching for Minnesota Golden Gophers : RHP Geoffrey Rogers
Batting: LHB Bernardo Morales 0-0: Called Strike
0-1: Foul Ball, location: 2F
0-2: Ball
1-2: Ball
2-2: Foul Ball, location: 2F
2-2: Ground out 1-3 (Groundball, 25)
Batting: RHB Kevin Manning 0-0: Called Strike
0-1: Ball
1-1: Ground out 3-1 (Groundball, 34)
Batting: RHB José Rosales 0-0: SINGLE (Groundball, 56D)
Batting: RHB Dave Johnston 0-0: Foul Ball, location: 2F
0-1: Ground out 1-3 (Groundball, 13)
Bottom of the 9th over - 0 run(s), 1 hit(s), 0 error(s), 1 left on base; Minnesota 12 - Tennessee 3
Monday, December 5th, 2016 - OOTP Baseball 17.12 Build 75